Map: Abiogênese LE

Players

IagoAbreu - Winner!

  • Race: Terran Terran
  • League: Silver
  • Spawn Location: 11:00

sentey

  • Race: Terran Terran
  • League: Gold
  • Spawn Location: 5:00

VOD

Have the link to the VOD?

Description

Time

  • Played on: March 9, 2018, 9:25 a.m.
  • Length: 14:14
Show
View Real Time Build Order
Export as new Build Order

IagoAbreu Terran - Winner!

Build Orders:  

Get SALT Encoding   

  12  0:11  Supply Depot  
  12  0:13  SCV  
  13  0:25  Supply Depot  
  13  0:28  SCV  
  14  0:39  Refinery  
  14  0:41  SCV  
  15  0:53  SCV  
  16  1:00  Barracks  
  16  1:08  SCV  
  17  1:15  Engineering Bay  
  17  1:20  SCV  
  18  1:33  SCV  
  19  1:41  Barracks  
  19  1:45  Terran Infantry Weapons Level 1  
  19  1:49  Marine  
  20  1:55  SCV  
  21  2:07  Orbital Command  
  21  2:09  Marine  
  22  2:29  Marine  
  23  2:38  Bunker  
  23  2:43  SCV  
  24  2:47  Refinery  
  24  2:53  Barracks Reactor x2  
  24  2:55  SCV  
  25  3:07  Sensor Tower  
  25  3:18  SCV  
  25  3:19  Command Center  
  26  3:36  Marine x2  
  26  3:37  Marine x2  
  30  3:44  Supply Depot  
  30  3:45  Supply Depot  
  30  3:50  Terran Infantry Armor Level 1  
  30  4:02  Factory  
  30  4:08  Supply Depot  
  30  4:10  Supply Depot  
  30  4:19  SCV  
  31  4:31  SCV  
  32  4:46  Bunker  
  32  4:50  Bunker  
  32  5:01  Missile Turret  
  32  5:10  Factory Tech Lab  
  32  5:11  Marine x4  
  36  5:24  Orbital Command  
  36  5:29  Marine x4, Supply Depot  
  40  5:48  Starport  
  40  5:51  Starport  
  40  5:57  Marine  
  40  5:58  Marine  
  40  6:01  Widow Mine x2  
  46  6:15  Marine x2  
  46  6:17  SCV  
  49  6:21  Combat Shields  
  49  6:22  Widow Mine x2  
  53  6:28  Armory  
  53  6:29  SCV  
  54  6:41  SCV  
  54  6:45  Widow Mine x2  
  59  6:48  Marine x2  
  59  6:51  Starport Reactor  
  59  6:52  Starport Reactor  
  59  6:54  SCV, Marauder  
  64  7:05  Marine  
  64  7:06  Marine, Widow Mine x2  
  70  7:16  Marauder  
  72  7:23  Marine x2  
  74  7:36  Refinery  
  74  7:37  SCV, Refinery  
  74  7:40  Terran Ship Weapons Level 1  
  74  7:43  Widow Mine x2  
  79  7:44  Marine x2  
  79  7:46  Terran Infantry Weapons Level 2  
  79  7:50  SCV  
  82  8:02  SCV, Marine x2  
  85  8:14  SCV  
  86  8:38  Supply Depot  
  86  8:42  SCV  
  85  9:00  Widow Mine x2, Viking x2  
  85  9:01  Supply Depot, Viking x2  
  97  9:03  Marine x2  
  99  9:21  Marine x2  
  99  9:24  Supply Depot  
  101  9:35  Medivac x2  
  101  9:36  Medivac x2  
  109  9:38  Marine  
  109  9:45  Marine  
  111  9:46  Supply Depot  
  111  9:55  Terran Ship Weapons Level 2  
  111  9:56  Marine  
  112  10:02  Terran Infantry Armor Level 2  
  112  10:03  Marine  
  113  10:09  Supply Depot  
  113  10:13  Siege Tank  
  116  10:14  Marine  
  116  10:18  Marine x2  
  116  10:21  Marine  
  120  10:30  Ghost Academy  
  120  10:32  Marine  
  121  10:36  Marine x2  
  121  10:38  Marine  
  124  10:44  Viking  
  124  10:45  Viking x2  
  124  10:48  Viking  
  132  10:54  Marine x2  
  134  11:41  Sensor Tower  
  134  11:46  Sensor Tower  
  134  12:04  Supply Depot x2  
  134  12:08  Liberator x4  
  134  12:14  Marine  
  134  12:25  Marine x3  
  134  12:27  Supply Depot x2  
  145  12:53  Command Center  
  145  12:57  Missile Turret  
  142  12:59  Missile Turret  
  142  13:04  Missile Turret  
  138  13:18  Marine  
  138  13:19  Marine x3  
  136  13:21  Medivac  
  104  13:36  Marine x3  
  104  13:37  Marine  
  94  13:48  Command Center  
  94  13:50  Missile Turret x2  
  94  13:53  Marine  
  94  13:54  Marine x3  
Show
View Real Time Build Order
Export as new Build Order

sentey Terran 

Build Orders: 1/1/1 

Get SALT Encoding   

  12  0:07  SCV  
  13  0:21  SCV, Supply Depot  
  14  0:27  Refinery  
  14  0:34  SCV  
  15  0:44  Barracks  
  15  0:47  SCV  
  16  1:03  SCV  
  17  1:15  SCV  
  17  1:17  Supply Depot  
  18  1:21  Refinery  
  18  1:31  Factory  
  18  1:47  Barracks Reactor  
  18  1:52  Orbital Command  
  18  2:18  Starport  
  18  2:21  SCV  
  19  2:30  Marine x2  
  19  2:33  SCV  
  19  2:34  Supply Depot  
  22  2:37  Factory Tech Lab  
  22  2:48  SCV, Factory  
  23  2:57  Siege Tank  
  26  3:03  SCV  
  27  3:20  Starport Tech Lab  
  27  3:48  Command Center  
  27  3:53  Factory Tech Lab  
  27  3:55  Armory, Starport  
  27  4:04  SCV  
  27  4:07  Siege Tank  
  31  4:23  Cloaking Field  
  31  4:28  Marine x2  
  33  4:33  Starport Tech Lab  
  33  4:46  Marine x2  
  35  4:57  Engineering Bay  
  35  5:05  Hyperflight Rotors  
  35  5:09  Marine  
  35  5:10  Marine  
  37  5:15  Orbital Command  
  37  5:23  Banshee  
  40  5:29  Missile Turret  
  40  5:39  Missile Turret  
  40  5:55  Terran Ship Weapons Level 1  
  40  6:00  Banshee  
  43  6:19  Marine  
  43  6:20  Marine  
  45  6:31  Banshee  
  48  6:35  Supply Depot  
  48  6:36  Orbital Command  
  48  7:03  Banshee  
  51  7:14  Refinery  
  51  7:17  Refinery  
  51  7:18  Marine x2  
  51  7:20  Starport  
  51  7:21  Banshee  
  56  7:45  SCV  
  56  7:46  Banshee  
  60  7:57  SCV  
  61  8:01  Starport Tech Lab, Supply Depot x2  
  61  8:19  SCV  
  62  8:22  Banshee  
  62  8:23  Supply Depot  
  62  8:26  Supply Depot  
  65  8:31  SCV  
  66  8:38  Command Center  
  66  8:48  Banshee x2  
  72  9:05  SCV, Banshee  
  76  9:28  Terran Ship Weapons Level 2  
  76  9:31  Banshee x2  
  82  9:52  Banshee  
  85  10:14  Banshee x2  
  85  10:20  Siege Tank x2  
  97  10:23  Terran Infantry Weapons Level 1  
  97  10:30  SCV  
  97  10:33  SCV  
  97  10:35  Banshee  
  102  10:56  Banshee  
  102  10:57  Banshee  
  108  11:16  Supply Depot  
  108  11:17  Supply Depot  
  108  11:30  SCV  
  61  12:57  Banshee x3  
  70  13:02  Siege Tank x2  
Tags
 
Matchup
TvT
Opening
1/1/1
Race
Terran
Spawn Locations
Cross Positions
Add a new tag
Caveats
  • Supply blocks, unpowered buildings, or Contaminate may cause inaccurate times.
  • Supply counts are checked every 10 seconds.